 Dungeon Crawl Stone Soup version 0.31.0-2-g5a2aebc5c2 (webtiles) character file.

Game seed: 11874768745871033683

256 dialectric the Cudgeller (level 5, 0/46 HPs)
             Began as a Minotaur Fighter on Jan 20, 2024.
             Succumbed to a water moccasin's poison
             ... on level 5 of the Dungeon.
             The game lasted 00:02:57 (2973 turns).

dialectric the Cudgeller (Minotaur Fighter)         Turns: 2973, Time: 00:02:58

Health: 0/46       AC:  7    Str: 23    XL:     5   Next: 92%
Magic:  4/4        EV: 10    Int:  5    God:
Gold:   237        SH:  0    Dex:  9    Spells: 4/4 levels left

rFire   . . .        a - +0 flail
rCold   . . .        (no shield)
rNeg    . . .        b - +0 scale mail
rPois   .            (helmet restricted)
rElec   .            (no cloak)
rCorr   .            (no gloves)
SInv    .            (no boots)
Will    .....        (no amulet) Stlth
                     m - ring of flight
HPRegen 0.27/turn    (no ring)
MPRegen 0.09/turn

%: no passive effects
@: mighty, lethally poisoned (0 -> -14), attractive, flying
A: horns 2, retaliatory headbutt
a: no special abilities


You were on level 5 of the Dungeon.
You visited 1 branch of the dungeon, and saw 5 of its levels.

You collected 237 gold pieces.

Inventory:

Hand Weapons
 a - a +0 flail (weapon)
Missiles
 e - 4 throwing nets
 g - 4 boomerangs
 n - 8 poisoned darts (quivered)
Armour
 b - a +0 scale mail (worn)
 c - a +0 buckler
Jewellery
 m - a ring of flight (left hand)
Talismans
 u - a serpent talisman
Scrolls
 j - 3 scrolls of identify {unknown}
 k - a scroll of enchant weapon {unknown}
 q - a scroll of fear {unknown}
 s - 3 scrolls of poison {unknown}
 t - a scroll of amnesia {unknown}
Potions
 d - 2 potions of might
 f - 5 potions of curing {unknown}
 h - a potion of heal wounds {unknown}
 i - 2 potions of lignification {unknown}
 l - 2 potions of attraction
 o - a potion of degeneration {unknown}
 p - a potion of ambrosia {unknown}
 r - a potion of cancellation {unknown}


   Skills:
 - Level 4.1 Fighting
 * Level 5.3 Maces & Flails
 + Level 0.6 Throwing
 + Level 4.9 Armour
 * Level 2.6 Dodging
 - Level 0.1 Stealth
 - Level 3.6 Shields


You had 4 spell levels left.
You didn't know any spells.
Your spell library was empty.

Dungeon Overview and Level Annotations

Branches:
Dungeon (5/15)
 Temple: D:4-7

Altars:

Shops:
D:2 :


Innate Abilities, Weirdness & Mutations

You have a pair of horns on your head.
You reflexively headbutt those who attack you in melee.


Message History

The white imp gestures at you. The puff of frost hits you!
You hit the white imp. Your headbutt misses the white imp.
The white imp is severely wounded.
The white imp closely misses you.
You hit the white imp.
You kill the white imp!
No target in view!
No target in view!
No target in view!
No target in view!
A water moccasin comes into view.
The water moccasin hisses angrily.
A water moccasin is nearby!
A water moccasin is nearby!
A water moccasin is nearby!
You feel very mighty all of a sudden. The water moccasin bites you!
You are poisoned.
The water moccasin poisons you!
The water moccasin bites you but does no damage.
You sock the water moccasin! You headbutt the water moccasin.
The water moccasin is severely wounded.
You feel very sick. The water moccasin bites you.
* * * LOW HITPOINT WARNING * * *
You barely miss the water moccasin.
The water moccasin is severely wounded.
You feel sick.
The water moccasin bites you but does no damage. x2
You hit the water moccasin.
Your headbutt misses the water moccasin.
The water moccasin is almost dead.
You feel sick. The water moccasin bites you.
* * * LOW HITPOINT WARNING * * *
You are more poisoned.
The water moccasin poisons you!
It was a potion of attraction.
You feel attractive to monsters.
You die...

##...#########..[...#
##............####..##
.#.#########.#...#..#
.#.# ......#......##
...# ..............#
>.## ......#.###.#.#
### ##### #...#.#.# #
....###.#.#.# #
#.....@#.#.# #
....##.S#.#.. . #.
....#.### # ...#.##.#
#...... ####..# .. ##.


You could see a water moccasin.

Vanquished Creatures
  An orc priest (D:4)
  A jelly (D:4)
  A sleepcap (D:5)
  2 orc wizards
  3 adders
  A white imp (D:5)
  A ribbon worm (D:2)
  A dart slug (D:1)
  9 orcs
  6 endoplasms
  3 giant cockroaches
  4 goblins
  12 hobgoblins
  2 jackals (D:2)
  2 quokkas (D:3)
  8 ball pythons
  2 bats
  4 frilled lizards (D:1)
  3 kobolds (D:1)
  7 rats
73 creatures vanquished.

Notes
Turn   | Place    | Note
-------+----------+-------------------------------------------
     0 | D:1      | dialectric the Minotaur Fighter began the quest for the
                  | Orb.
     0 | D:1      | Reached XP level 1. HP: 19/19 MP: 0/0
    69 | D:1      | Reached XP level 2. HP: 20/27 MP: 1/1
   176 | D:1      | Reached skill level 1 in Dodging
   537 | D:2      | Found Uriapum's Book Shoppe.
   568 | D:2      | Reached XP level 3. HP: 17/33 MP: 2/2
   651 | D:2      | Reached skill level 3 in Maces & Flails
  1787 | D:3      | Reached XP level 4. HP: 37/40 MP: 3/3
  2288 | D:4      | Reached skill level 4 in Maces & Flails
  2298 | D:3      | Reached XP level 5. HP: 31/46 MP: 4/4
  2620 | D:4      | Reached skill level 5 in Maces & Flails
  2728 | D:5      | Entered Level 5 of the Dungeon
  2966 | D:5      | Noticed a water moccasin
  2973 | D:5      | Succumbed to a water moccasin's poison

Illustrated notes

Levels and vault maps discovered:
D:1:      ldierk_walled_garden_2, layout_rooms
D:2:      layout_basic, serial_shops, shop, st_stairs_3, chequers_big_river,
          kennysheep_big_empty_room
D:3:      layout_rooms
D:4:      layout_rooms
D:5:      layout_basic, general_overflow_altar

Skill      XL: |  1  2  3  4  5 |
---------------+----------------+-----
Fighting       | 4 |  4.1
Dodging        | 1 2 |  2.6
Armour         | 4 |  4.9
Maces & Flails | 3 4 5 |  5.3
Throwing       | |  0.6
Stealth        | |  0.1
Shields        | |  3.6

Action                     |  1- 3 |  4- 6 || total
---------------------------+-------+-------++-------
  Melee: Flail             |   108 |    65 ||   173
         Headbutt          |    15 |    11 ||    26
         Punch             |     1 |       ||     1
  Throw: Dart              |       |    10 ||    10
    Use: Potion            |       |     2 ||     2
 Armour: Scale mail        |    80 |    50 ||   130
  Dodge: Dodged            |    73 |    24 ||    97
